 Dungeon Crawl Stone Soup version 0.28.0-45-g0d030f2227 (webtiles) character file.

Game seed: 6210181259088153906

414 101zpm the Magician (level 7, -2/47 HPs)
             Began as a Djinni Ice Elementalist on Apr 13, 2022.
             Engulfed by their own flame (6 damage)
             ... on level 5 of the Dungeon.
             The game lasted 00:10:30 (5889 turns).

101zpm the Magician (Djinni Ice Elementalist)       Turns: 5889, Time: 00:10:31

Health: -2/47      AC:  2    Str:  7    XL:     7   Next: 14%
Gold:   176        EV:  6    Int: 19    God:
                   SH:  0    Dex: 13

rFire   + + .      SeeInvis .   i - +2 quarterstaff (spect)
rCold   x . .      Faith    .   (shield currently unavailable)
rNeg    . . .      Spirit   .   a - +0 robe
rPois   ∞          Reflect  .   (no helmet)
rElec   .          Harm     .   (no cloak)
rCorr   .          Rampage  .   (no gloves)
Will    .....                   (boots unavailable)
Stlth   ++........              (no amulet)
HPRegen 0.15/turn               (no ring)
MPRegen 0.00/turn               (no ring)

@: freezing walls, flying, held
A: sickness immunity, fire resistance 2, cold vulnerability 1, float, innate
caster, HP casting, extra vitality 1
a: no special abilities


You were on level 5 of the Dungeon.
You visited 1 branch of the dungeon, and saw 5 of its levels.

You collected 176 gold pieces.

Inventory:

Hand Weapons
 i - a +2 spectral quarterstaff (weapon)
Missiles
 g - 27 stones
 o - 15 poisoned darts
 q - 6 curare-tipped darts
 r - 2 boomerangs
Armour
 a - a +0 robe (worn)
Scrolls
 b - 2 scrolls of amnesia {unknown}
 c - 2 scrolls of identify {unknown}
 e - a scroll of torment {unknown}
 h - a scroll of teleportation {unknown}
 l - a scroll of holy word {unknown}
 m - a scroll of fog {unknown}
Potions
 d - 2 potions of might {unknown}
 f - a potion of degeneration {unknown}
 j - a potion of curing {unknown}
 k - a potion of mutation {unknown}
 n - a potion of cancellation {unknown}
 p - a potion of berserk rage {unknown}
 s - 2 potions of attraction {unknown}


   Skills:
 + Level 1.0 Fighting
 + Level 1.8 Staves
 + Level 2.7 Dodging
 + Level 2.7 Stealth
 + Level 5.3 Spellcasting


You couldn't memorise any spells.
You knew the following spells:

 Your Spells              Type           Power      Damage    Failure   Level
a - Freeze                Ice            100%       1d11      1%          1
b - Frozen Ramparts       Ice            50%        1d7       4%          3
c - Ozocubu's Armour      Ice            25%        N/A       4%          3
d - Hailstorm             Conj/Ice       25%        3d7       13%         4
e - Sandblast             Erth           50%        2d12      1%          1
f - Passwall              Tmut/Erth      20%        N/A       1%          2
g - Summon Guardian Gole  Hex/Summ       25%        N/A       4%          3
Your spell library was empty.

Dungeon Overview and Level Annotations

Branches:
Dungeon (5/15)
 Temple: D:4-7

Altars:


Innate Abilities, Weirdness & Mutations

You are immune to sickness and miasma.
You are immune to poison.
Your flesh is very heat resistant. (rF++)
You are vulnerable to cold. (rC-)
You float through the air rather than walking.
You learn spells naturally, not from books.
Your magical power is your life essence.
You have superior vitality. (+4 MHP)


Message History

Orders for allies: a - Attack new target. r - Retreat! s - Stop attacking. g - Guard the area. f - Follow me.
Anything else - Cancel.
Gang up on whom?
Press: ? - help, Dir - move target, f - gnoll
Aim: a gnoll, wielding a +0 whip (heavily wounded, ally target) Attack!
The gnoll hits your guardian golem but does no damage.
Your guardian golem is engulfed in blazing flames.
Flame seeps out of your guardian golem.
The gnoll hits your guardian golem but does no damage.
Your guardian golem is engulfed in blazing flames.
Flame seeps out of your guardian golem.
The frozen ramparts melt away.
The gnoll hits your guardian golem but does no damage.
Casting: Frozen Ramparts (dangerous; 4% risk of failure)
Confirm with . or Enter, or press ? or * to list all spells.
Casting: Frozen Ramparts (dangerous; 4% risk of failure)
Press: ? - help, Dir - look around, f - activate The walls around you are covered in ice.
The gnoll hits your guardian golem with a +0 whip.
Flame seeps out of your guardian golem.
Your guardian golem is engulfed in blazing flames.
Your guardian golem disappears in a puff of smoke!
Your guardian golem explodes!
The fiery explosion engulfs you!
Your icy armour melts away.
You resist.
The fiery explosion engulfs the gnoll!!
The gnoll dies!
Unknown command.
You're standing in a cloud of flame!
You're standing in a cloud of flame!
You struggle against the net.
You are engulfed in blazing flames.
You resist.
* * * LOW HITPOINT WARNING * * *
You tear a large gash into the net.
You are engulfed in blazing flames.
You resist.
* * * LOW HITPOINT WARNING * * *
You struggle against the net.
You are engulfed in blazing flames.
You resist.
You die...

#.....#.........#
#.....#.........#
#.....#.........#
#.....#.........#
#.....#.........#
#.<...#.........# .
#.....###..###### ..#
#.......#..####.##....#
#.......#......@.§.....
+.......#......§.§.....
#.......'..............
#.......#....##########
#.......#....#
#.......######
+.............
#.............
#......^......


There were no monsters in sight!

Vanquished Creatures
  A necrophage (D:4)
  2 kobold brigands (D:3)
  A jelly (D:4)
  An iguana (D:5)
  A hound skeleton (D:3)
  3 gnolls (D:5)
  An adder (D:2)
  An ufetubus (D:5)
  A worm (D:2)
  2 dart slugs
  9 orcs
  2 ball pythons
  4 endoplasms
  2 giant cockroaches (D:2)
  7 goblins
  5 hobgoblins
  A quokka (D:3)
  3 bats
  4 frilled lizards
  7 kobolds
  5 rats
63 creatures vanquished.

Vanquished Creatures (others)
  A gnoll (D:5)
  A frilled lizard (D:1)
2 creatures vanquished.

Grand Total: 65 creatures vanquished

Notes
Turn   | Place    | Note
-------+----------+-------------------------------------------
     0 | D:1      | 101zpm the Djinni Ice Elementalist began the quest for the
                  | Orb.
     0 | D:1      | Reached XP level 1. HP: 15/15 MP: 0/0
   381 | D:1      | Reached XP level 2. HP: 15/21 MP: 0/0
  2068 | D:2      | Found a faded altar of an unknown god.
  2073 | D:2      | Reached XP level 3. HP: 18/25 MP: 0/0
  2073 | D:2      | Learned a level 1 spell: Sandblast
  2256 | D:2      | Reached skill level 4 in Spellcasting
  3448 | D:3      | Reached XP level 4. HP: 12/31 MP: 0/0
  4431 | D:3      | Noticed a kobold brigand
  4432 | D:3      | Noticed a kobold brigand
  4441 | D:3      | HP: 1/31 [kobold brigand/+0 dagger of venom (3)]
  4442 | D:3      | Killed a kobold brigand
  4443 | D:3      | Reached skill level 1 in Staves
  4443 | D:3      | Reached XP level 5. HP: 1/36 MP: 0/0
  4443 | D:3      | Learned a level 2 spell: Passwall
  4443 | D:3      | Killed a kobold brigand
  4444 | D:3      | Reached XP level 6. HP: 2/41 MP: 0/0
  5270 | D:4      | Noticed a necrophage
  5281 | D:4      | Killed a necrophage
  5282 | D:4      | Reached skill level 5 in Spellcasting
  5283 | D:4      | Reached skill level 1 in Fighting
  5702 | D:5      | Entered Level 5 of the Dungeon
  5721 | D:5      | Reached XP level 7. HP: 41/47 MP: 0/0
  5721 | D:5      | Learned a level 3 spell: Summon Guardian Golem
  5889 | D:5      | Engulfed by their own flame

Illustrated notes

Levels and vault maps discovered:
D:1:      dpeg_arrival_simpleton_a, layout_basic, serial_curves, eino_curves_03,
          eino_curves_04, eino_curves_01, eino_curves_02, lemuel_flame_loot_1
D:2:      layout_loops_ring, shapermc_ecumenical_altar_acropolis
D:3:      cheibrodos_thug_alley, layout_loops_corners, hangedman_decor_riveting,
          serial_park_tiny_pond
D:4:      layout_basic, serial_shops, shop, kennysheep_cluttered_room,
          st_stairs_9, minmay_statues_item, uniq_eustachio, uniq_pikel
D:5:      layout_gridville, mainiacjoe_overflow_24_doors

Skill      XL: |  1  2  3  4  5  6 |
---------------+-------------------+-----
Spellcasting   | 4 5 |  5.3
Stealth        | 2 |  2.7
Staves         | 1 |  1.8
Fighting       | 1 |  1.0
Dodging        | |  2.7

Action                   |  1- 3 |  4- 6 |  7- 9 || total
-------------------------+-------+-------+-------++-------
Melee: Unarmed           |     1 |       |       ||     1
       Quarterstaff      |     5 |    18 |       ||    23
 Cast: Freeze            |    41 |     2 |       ||    43
       Frozen Ramparts   |     4 |     9 |     6 ||    19
       Sandblast         |     1 |     8 |       ||     9
       Ozocubu's Armour  |     1 |     3 |     2 ||     6
       Summon Guardian G |       |       |     3 ||     3
Armor: Robe              |     6 |     2 |     2 ||    10
Dodge: Dodged            |    20 |    17 |     1 ||    38
